← All builds
Front / Armada / Economy first / OBSERVED BUILD

Standard front

Armada Front build order · Supreme Isthmus

Standard economy-first Front play: Bot Lab and Vehicle Plant up immediately, units trickle to the coast and middle, with an Advanced Metal Extractor around 9:00 as the eco transition.

#eco · 1699 distinct matches · 247 players · 74% of Armada Front games · team won 61% of 1993 · Recently observed

HOW TO PLAY IT

Key timing: T2 constructor by 7:43

  1. Open mex and wind, drop Bot Lab and Vehicle Plant almost immediately.
  2. Pump Blitz, Rocketeer and Pawn to the coast to stop leaks first.
  3. Add Centurion and Janus once first units are moving up.
  4. Form units into a line pushing toward middle as numbers grow.
  5. Upgrade to Advanced Metal Extractor as the economy transition kicks in.

Phase by phase

TYPICAL OF ITS 1699 GAMES
  1. 1
  2. 2
  3. 3
PLAY THE OPENING

Follow the example game's first 6:00 step by step: what to build now, what comes next, and where it goes. At 1× it keeps pace with your own game.

  1. 1

    Up to the Bot Lab

    Economy
    • Metal Extractor2Mex
    Order
    1. Bot LabBot Lab after 2 mex, 1 winddone ~0:44, middle half 0:33–0:54

    Some games also: wind (48%) · Vehicle Plant (35%)

    By 0:28 in all: 2 mex

    The example game in this phase · 3 steps
    1. Mex ×2
    2. Wind ×2
    3. Bot LabBot Labdone 0:46 · typical 0:44
  2. 2

    Bot Lab to 5:00

    Economy
    • Metal Extractor4Mex
    • Wind Turbine3Wind
    Builders
    • Construction Bot1 Con bot
    Army
    • Sentry1 Sentry
    • Rocketeer6 Rocketeer

    Some games also: Lazarus (49%) · tick (46%) · centurion (40%) · con vehicle (32%) · janus (32%)

    By 5:00 in all: 6 mex · 6 wind

    The example game in this phase · 37 steps
    1. TickTick ×2
    2. Mex
    3. TickTick ×2
    4. Construction BotCon bot
    5. LazarusLazarus
    6. Construction BotCon bot ×2
    7. Mex
    8. RocketeerRocketeer
    9. CenturionCenturion
    10. Mex
    11. RocketeerRocketeer ×2
    12. Radar TowerRadar Tower
    13. RocketeerRocketeer ×4
    14. SentrySentry
    15. RocketeerRocketeer
    16. Mex
    17. RocketeerRocketeer
    18. SentrySentry ×2
    19. RocketeerRocketeer ×2
    20. SentrySentry
    21. RocketeerRocketeer ×3
    22. Mex
    23. RocketeerRocketeer
    24. Radar TowerRadar Tower
    25. RocketeerRocketeer
    26. LazarusLazarus
    27. RocketeerRocketeer
    28. SentrySentry
    29. Wind
    30. RocketeerRocketeer
    31. SentrySentry
    32. Wind
    33. RocketeerRocketeer
    34. Mex
    35. Wind ×2
    36. SentrySentry
    37. RocketeerRocketeer
  3. 3

    5:00 to 10:00

    Economy
    • Metal Extractor1Mex
    • Wind Turbine14Wind
    Builders
    • Construction Turret2 Con turret
    Army
    • Sentry1 Sentry

    Some games also: rocketeer (46%) · energy storage (43%) · Lazarus (38%) · con bot (37%) · Radar Tower (36%)

    By 10:00 in all: 7 mex · 24 wind · 1 energy storage · 3 con turret

    The example game in this phase · 107 steps
    1. Con turret
    2. RocketeerRocketeerfor Suicide front
    3. SentrySentry
    4. RocketeerRocketeerfor Suicide front
    5. Wind
    6. RocketeerRocketeerfor Suicide front
    7. SentrySentry
    8. Wind
    9. RocketeerRocketeerfor Suicide front
    10. SentrySentry
    11. Wind
    12. RocketeerRocketeer
    13. Con turret
    14. SentrySentry
    15. Wind
    16. RocketeerRocketeer
    17. Mex
    18. Wind
    19. LazarusLazarus
    20. Construction BotCon bot
    21. GuardGuard
    22. Wind
    23. Mex
    24. Construction BotCon bot
    25. Wind
    26. CenturionCenturion
    27. SentrySentry
    28. Wind
    29. LazarusLazarus
    30. SentrySentry
    31. Wind
    32. Construction BotCon bot ×2
    33. Wind
    34. CenturionCenturion
    35. Wind
    36. CenturionCenturion
    37. NettleNettle
    38. Wind
    39. CenturionCenturion
    40. Wind
    41. SentrySentry
    42. Wind
    43. CenturionCenturion
    44. SentrySentry
    45. CenturionCenturion
    46. Wind
    47. SentrySentry
    48. Wind
    49. SentrySentry
    50. Wind ×5
    51. Converter
    52. Wind ×3
    53. Converter
    54. Wind ×3
    55. NettleNettle
    56. Wind
    57. Converter
    58. SentrySentry
    59. Wind ×3
    60. Advanced Metal ExtractorT2 mexdone 8:58 · typical 9:01
    61. Wind ×2
    62. BeholderBeholder
    63. Converter
    64. Wind ×2
    65. Converter
    66. Wind
    67. Advanced Metal ExtractorT2 mex
    68. Mex
    69. Wind
    70. Converter
    71. SentrySentry
    72. Wind
    73. Construction BotCon bot
    74. SentrySentry ×2
    75. Wind
    76. Construction BotCon bot
    77. Wind
    78. Advanced Metal ExtractorT2 mex
    79. Construction BotCon bot
    80. Wind
    81. Solar
    82. Wind
    83. Metal storage
    84. Wind
    85. Construction BotCon bot
    86. Wind
    87. Energy storage
    88. Wind
    89. Advanced Metal ExtractorT2 mex
    90. Wind ×2
    91. Construction BotCon bot
    92. Wind ×2
    93. Construction BotCon bot
    94. Wind
    95. Mex
    96. Construction BotCon bot
    97. Wind ×2
    98. Construction BotCon bot
    99. Wind ×2
    100. Con turret
    101. Wind ×3
    102. Con turret
    103. Advanced Metal ExtractorT2 mex
    104. Construction BotCon bot
    105. Wind ×3
    106. Construction BotCon bot
    107. Wind ×3

Counts are medians over the build's games: half of them build more, half fewer. The example game is NEXUS_VI's (33 OS, 28/09/2026); pick another.

Team trades

IN AT LEAST 30% OF ITS GAMES

You hand over

Nothing regular.

You get

  • Tidal Generator4 Tidal from Pondfirst at 0:17 · in 68% of games
  • Advanced Construction Bot1 T2 con bot from Geo or Techfirst at 7:23 · in 64% of games

How it plays out

Typical game of this build, running totals by minute

Metal produced

010k20k30k
0:005:0010:0015:00

metal

Enemy metal destroyed

05k10k
0:005:0010:0015:00

metal

Own metal lost

05k10k
0:005:0010:0015:00

metal

1993 games.

Show as table
ByMetal produced: This buildEnemy metal destroyed: This buildOwn metal lost: This build
1:0033300
2:008402131
3:001618135108
4:002699522333
5:0038471127787
6:00503519231427
7:00624927142302
8:00753435443173
9:00897343264069
10:001053850054807
11:001237355335547
12:001452759766408
13:001685764686999
14:001922071637826
15:002185478688687
WHAT THE NUMBERS SAY

Standard Front play wins more often than Suicide front and produces more metal by 15:00 while losing less of it.

  • + Metal produced reaches 22627 by 15:00, well above Suicide front's 20142.
  • + Own metal lost is 8944 by 15:00, lower than enemy metal destroyed ratio of Suicide front.
  • − First unit lost already at 1:43, showing exposure despite the safer position.
  • − Blitz dominates army share at 25%, leaving fewer Centurion for anti-swarm.
THE EXAMPLE YOU ARE READING

NEXUS_VI

32.8 OS · 28/09/2026

Open source match ↗

5 received units · includes a constructor
43 metal received · 7457 energy received

Allied construction assistance is unknown. Timings are observations, not a promise of solo reproducibility.

Typical milestones

Bot Lab0:44Middle 50%: 0:33–0:54 · n=1331
Vehicle Plant0:47Middle 50%: 0:41–1:14 · n=1285
Advanced Metal Extractor9:01Middle 50%: 8:09–10:15 · n=1563

Played most by

haaven107games of this buildHummell107games of this buildLeohvm93games of this buildTheGeneraI75games of this buildXad69games of this build